 Dungeon Crawl Stone Soup version 0.22-a0-480-g991dd4b (webtiles) character file.

539053 VincentAMV the Skullcrusher (level 24, -9/231 HPs)
             Began as a Minotaur Fighter on June 10, 2018.
             Was the Champion of the Shining One.
             Mangled by an Executioner (19 damage)
             ... summoned by Gloorx Vloq
             ... in Pandemonium on June 15, 2018.
             The game lasted 07:17:14 (66956 turns).

VincentAMV the Skullcrusher (Minotaur Fighter)     Turns: 66956, Time: 07:17:15

Health: -9/231     AC: 34    Str: 31 (33) XL:     24   Next: 68%
Magic:  41/41      EV: 11    Int: 10 (12) God:    the Shining One [******]
Gold:   1108       SH:  0    Dex: 19      Spells: 21/23 levels left

rFire    + + +     SeeInvis .   i - +10 morningstar of Causality {flame, rPois Str+2}
rCold    + + +     Gourm    .   V - +8 large shield "Heist" {Int+2}
rNeg     + + +     Faith    .   k - +10 plate armour {rF+}
rPois    +         Spirit   .   a - +3 hat of Pondering {ponderous, MR+ MP+10 Int+5}
rElec    .         Reflect  .   A - scarf {rC+ rF+}
rCorr    .         Harm     .   I - +2 pair of gloves
MR       +++++     Clarity  +   b - +2 pair of boots
Stlth    ..........             Q - amulet of the Four Winds {rN+ MR+++ Clar}
HPRegen  0.00/turn              B - ring "Dushrock" {+Fly rC+ Dex+4}
MPRegen  0.27/turn              t - ring of Futuk {rF+ rC+ rN+ MR+ Dex+3}

@: confused, very slightly contaminated, non-regenerating, diseased, hasted,
glowing, very quick
A: retaliatory headbutt, horns 2, deformed body, deterioration 2
}: 3/15 runes: decaying, serpentine, silver
a: Divine Shield, Cleansing Flame, Summon Divine Warrior, Renounce Religion,
Evoke Flight


You were in Pandemonium.
You worshipped the Shining One.
The Shining One was exalted by your worship.
You were not hungry.

You visited 10 branches of the dungeon, and saw 46 of its levels.
You visited Pandemonium 1 time, and saw 1 of its levels.
You also visited: Labyrinth, Sewer, Ossuary, Bailey and Volcano.

You collected 7508 gold pieces.
You spent 6400 gold pieces at shops.

Inventory:

Hand Weapons
 i - the +10 morningstar of Causality (weapon) {flame, rPois Str+2}
   (You bought it in a shop on level 2 of the Vaults)

   It has been specially enchanted to burn those struck by it, causing extra
   injury to most foes and up to half again as much damage against particularly
   susceptible opponents.
   It affects your strength (+2).
   It protects you from poison.
 w - the +8 morningstar of Fortitude {protect, rPois rF- rC+ Dex+4}
   (You found it on level 12 of the Dungeon)

   It protects the one who uses it against injury (+AC on strike).
   It affects your dexterity (+4).
   It makes you vulnerable to fire.
   It protects you from cold.
   It protects you from poison.
 J - a +6 sacred scourge of holy wrath
Missiles
 H - 3 throwing nets
 T - 22 javelins of returning (quivered)
Armour
 a - the +3 hat of Pondering (worn) {ponderous, MR+ MP+10 Int+5}
   (You bought it in a shop on level 10 of the Dungeon)

   It affects your intelligence (+5).
   It affects your resistance to hostile enchantments.
   It affects your magic capacity (+10).
 b - a +2 pair of boots (worn)
 k - a +10 plate armour of fire resistance (worn)
 A - a scarf of resistance (worn)
 I - a +2 pair of gloves (worn)
 V - the +8 large shield "Heist" (worn) {Int+2}
   (You took it off Louise on level 4 of the Swamp)

   It affects your intelligence (+2).
Jewellery
 r - a +4 ring of evasion
 s - an uncursed ring of resist corrosion
 t - the ring of Futuk (right hand) {rF+ rC+ rN+ MR+ Dex+3}
   (You took it off a necromancer on level 3 of the Crypt)

   [ring of positive energy]

   It affects your dexterity (+3).
   It protects you from fire.
   It protects you from cold.
   It protects you from negative energy.
   It affects your resistance to hostile enchantments.
 B - the ring "Dushrock" (left hand) {+Fly rC+ Dex+4}
   (You found it on level 1 of the Orcish Mines)

   [ring of flight]

   It affects your dexterity (+4).
   It protects you from cold.
   It lets you fly.
 Q - the amulet of the Four Winds (around neck) {rN+ MR+++ Clar}
   (You took it off a minotaur in a labyrinth)

   [amulet of nothing]

   It protects you from negative energy.
   It affects your resistance to hostile enchantments.
   It protects you against confusion.
Wands
 p - a wand of digging (23)
 E - a wand of iceblast (33)
 F - a wand of disintegration (46)
Scrolls
 e - 2 scrolls of identify
 l - 28 scrolls of teleportation
 n - 4 scrolls of amnesia
 u - 9 scrolls of fear
 v - a scroll of magic mapping
 x - 2 scrolls of fog
 y - 19 scrolls of remove curse
 D - 5 scrolls of blinking
Potions
 d - 9 potions of berserk rage
 g - a potion of brilliance
 h - 2 potions of ambrosia
 j - 4 potions of cancellation
 m - a potion of agility
 o - a potion of haste
 z - 7 potions of curing
 L - 3 potions of magic
 S - 5 potions of flight
 W - 3 potions of resistance
Comestibles
 f - 62 rations


   Skills:
 + Level 21.7 Fighting
 O Level 27 Maces & Flails
 - Level 6.0 Throwing
 * Level 18.8 Armour
 - Level 3.3 Dodging
 O Level 27 Shields
 * Level 12.1 Invocations
 + Level 1.2 Evocations


You had 21 spell levels left.
You knew the following spells:

 Your Spells              Type           Power        Failure   Level  Hunger
a - Blink                 Tloc           N/A          93%         2    ###....

Your spell library contained the following spells:

 Spells                   Type           Power        Failure   Level  Hunger
 Cause Fear               Hex            #.........   100%        4    #####..
 Magic Dart               Conj           #...         83%         1    ##.....
 Fireball                 Conj/Fire      #.........   100%        5    ######.
 Apportation              Tloc           #.....       83%         1    ##.....
 Bolt of Fire             Conj/Fire      #.........   100%        6    #######
 Bolt of Cold             Conj/Ice       #.........   100%        6    #######
 Lightning Bolt           Conj/Air       #.........   100%        5    ######.
 Bolt of Magma            Conj/Fire/Erth #.........   100%        5    ######.
 Slow                     Hex            #.......     93%         2    ###....
 Confuse                  Hex            #.......     99%         3    ####...
 Invisibility             Hex            #.......     100%        6    #######
 Throw Frost              Conj/Ice       #.....       93%         2    ###....
 Freezing Cloud           Conj/Ice/Air   #.........   100%        6    #######
 Ring of Flames           Chrm/Fire      #.........   100%        7    #######
 Teleport Other           Tloc           #.......     99%         3    ####...
 Bolt of Draining         Conj/Necr      #.........   100%        5    ######.
 Summon Horrible Things   Summ           #.........   100%        8    #######
 Animate Dead             Necr           N/A          100%        4    #####..
 Pain                     Necr           #...         83%         1    ##.....
 Animate Skeleton         Necr           N/A          83%         1    ##.....
 Vampiric Draining        Necr           #.........   99%         3    ####...
 Ozocubu's Refrigeration  Ice            #.........   100%        6    #######
 Summon Ice Beast         Ice/Summ       #.......     100%        4    #####..
 Ozocubu's Armour         Chrm/Ice       #.......     99%         3    ####...
 Dispel Undead            Necr           #.......     100%        5    ######.
 Regeneration             Chrm/Necr      #.........   99%         3    ####...
 Sting                    Conj/Pois      #...         83%         1    ##.....
 Sublimation of Blood     Necr           #.........   93%         2    ###....
 Tukima's Dance           Hex            #.......     99%         3    ####...
 Summon Demon             Summ           #.........   100%        5    ######.
 Summon Greater Demon     Summ           #.........   100%        7    #######
 Corpse Rot               Necr           N/A          93%         2    ###....
 Iron Shot                Conj/Erth      #.........   100%        6    #######
 Swiftness                Chrm/Air       #.......     93%         2    ###....
 Recall                   Summ/Tloc      N/A          99%         3    ####...
 Agony                    Necr           #.......     100%        5    ######.
 Spider Form              Tmut/Pois      #.........   99%         3    ####...
 Blade Hands              Tmut           #.........   100%        5    ######.
 Statue Form              Tmut/Erth      #........    100%        6    #######
 Ice Form                 Ice/Tmut       #.......     100%        4    #####..
 Shadow Creatures         Summ           N/A          100%        6    #######
 Confusing Touch          Hex            #.....       83%         1    ##.....
 Flame Tongue             Conj/Fire      #....        83%         1    ##.....
 Passwall                 Tmut/Erth      #.......     93%         2    ###....
 Ignite Poison            Fire/Tmut/Pois #.......     99%         3    ####...
 Sticks to Snakes         Tmut           #.......     93%         2    ###....
 Call Canine Familiar     Summ           #.......     99%         3    ####...
 Ensorcelled Hibernation  Hex/Ice        #.....       93%         2    ###....
 Metabolic Englaciation   Hex/Ice        #.........   100%        5    ######.
 Summon Butterflies       Summ           #.......     83%         1    ##.....
 Shatter                  Erth           #.........   100%        9    #######
 Corona                   Hex            #......      83%         1    ##.....
 Alistair's Intoxication  Tmut/Pois      #.......     100%        5    ######.
 Lee's Rapid Deconstruct  Erth           #.........   100%        5    ######.
 Simulacrum               Ice/Necr       #.........   100%        6    #######
 Excruciating Wounds      Chrm/Necr      #.........   100%        5    ######.
 Portal Projectile        Hex/Tloc       #.....       99%         3    ####...
 Monstrous Menagerie      Summ           #.........   100%        7    #######
 Petrify                  Tmut/Erth      #.......     100%        4    #####..
 Passage of Golubria      Tloc           N/A          100%        4    #####..
 Malign Gateway           Summ/Tloc      #.........   100%        7    #######
 Tornado                  Air            #.........   100%        9    #######
 Leda's Liquefaction      Hex/Erth       #.........   100%        4    #####..
 Summon Hydra             Summ           #.........   100%        7    #######
 Darkness                 Hex            #.........   100%        6    #######
 Shroud of Golubria       Chrm/Tloc      #.........   93%         2    ###....
 Inner Flame              Hex/Fire       #.......     99%         3    ####...
 Aura of Abjuration       Summ           #.........   100%        5    ######.
 Beastly Appendage        Tmut           #.....       83%         1    ##.....
 Disjunction              Tloc           #.........   100%        8    #######
 Dazzling Spray           Conj/Hex       #.....       99%         3    ####...
 Infusion                 Chrm           #...         83%         1    ##.....
 Song of Slaying          Chrm           #.......     93%         2    ###....
 Spectral Weapon          Hex/Chrm       #.......     99%         3    ####...
 Summon Forest            Summ/Tloc      #.........   100%        5    ######.
 Summon Mana Viper        Hex/Summ       #.......     100%        5    ######.
 Gell's Gravitas          Tloc           #.........   99%         3    ####...
 Yara's Violent Unravell  Hex/Tmut       #.........   100%        5    ######.
 Lesser Beckoning         Tloc           #.........   99%         3    ####...
 Ignition                 Fire           #.........   100%        8    #######


Dungeon Overview and Level Annotations

Branches:
Dungeon (15/15)            Temple (0/1) D:5            Lair (6/6) D:9
  Swamp (4/4) Lair:2        Snake (4/4) Lair:4        Slime (0/5) Lair:5
    Orc (2/2) D:11            Elf (3/3) Orc:2        Vaults (5/5) D:14
  Crypt (3/3) Vaults:2       Tomb (0/3) Crypt:3      Depths (3/5) D:15
   Hell (1/1)
    Dis: Hell:1         Geh: Hell:1         Coc: Hell:1         Tar: Hell:1

Altars:
Dithmenos
Gozag
Kikubaaqudgha
Sif Muna
Trog
Uskayaw
Wu Jian
Yredelemnul
The Shining One

Shops:
D:4 (   D:9 *   D:10 ([   D:13 (   Orc:2 ([*=   Elf:1 ?   Vaults:2 **(=(
Vaults:4 [   Depths:2 }

Portals:
Hell: Depths:1 Depths:2 Depths:3
Abyss: Depths:1
Pandemonium: Depths:3
Ziggurat: Depths:3

Annotations:
D:5
Temple
D:9 Lair
D:11 Orcish Mines
Lair:2 Swamp
Lair:4 Snake Pits
Lair:5 Slime Pits
Swamp:4 exclusion: Roxanne, Roxanne
Elf:2 4 runed doors
Hell Geryon
Pan Gloorx Vloq


Innate Abilities, Weirdness & Mutations

You reflexively headbutt those who attack you in melee.
You have a pair of horns on your head.
Armour fits poorly on your strangely shaped body.
Your body often deteriorates upon taking damage.


Message History

* * * LOW HITPOINT WARNING * * *
Gloorx Vloq barely misses you.
The Executioner hits you but does no damage. x3
The Executioner hits you!
* * * LOW HITPOINT WARNING * * *
The Executioner hits you but does no damage. x5
The Executioner gestures.
The Executioner seems to speed up.
The Executioner hits you but does no damage. x2
The Executioner hits you.
* * * LOW HITPOINT WARNING * * *
The Executioner barely misses you.
The Executioner hits you but does no damage.
The Executioner barely misses you.
The Executioner hits you but does no damage. x3
You impale the Executioner!! You burn the Executioner.
The Executioner is heavily wounded.
The Executioner hits you but does no damage. x2
The Executioner barely misses you. The Executioner hits you!!
You die...

.######.#......#...##
.#..#..............#
'..#..#...........# #
#..#..........†...###..#
#&######.....#.........#
#..#.........#....###∩ ##
#####..#..#.....&#....# ..#
....&..#......†11#....# ..#
...######.#....1@#....#####..##
...&.1.#.........#............##
.......'..#......#.............##
.......#.........#..............#
......######.....#..............#
.......#........##..............#
.......#..#....#.#..............#
'#######......#.##..............#
.......).....#.#.#..............#


You could see Gloorx Vloq and 3 Executioners.

Vanquished Creatures
  Khufu (Crypt:2)
  An ancient lich (Crypt:3)
  3 greater mummies
  Saint Roka (Crypt:2)
  Vashnia (Snake:4)
  the Enchantress (Depths:3)
  5 liches
  Rupert (Snake:1)
  Asterion (Vaults:1)
  5 tentacled monstrosities
  2 quicksilver dragons (Vaults:5)
  A deep elf master archer (Elf:3)
  2 deep elf blademasters (Elf:3)
  2 titans (Vaults:5)
  6 Executioners (Pan)
  An ancient champion (Crypt:1)
  3 sphinxes
  2 tengu reavers (Vaults:5)
  2 thorn hunters
  5 shadow dragons
  A storm dragon (shapeshifter) (Vaults:5)
  Donald (Swamp:1)
  3 storm dragons
  8 nagarajas
  An azure jelly (shapeshifter) (Depths:3)
  5 deep elf sorcerers
  3 fire giants
  A revenant (Crypt:1)
  6 frost giants
  Louise (Swamp:4)
  5 ghouls
  Aizul (Snake:2)
  3 orc warlords (Orc:1)
  A balrug (Depths:1)
  The ghost of Nattefrost the Impaler, a journeyman DsAr of Hepliaklqana (Swamp:1)
  4 deep elf elementalists
  4 curse skulls
  12 ironheart preservers
  4 spriggan defenders (Depths:3)
  13 vault wardens
  5 reapers (Crypt:3)
  2 war gargoyles (Vaults:5)
  A juggernaut skeleton (Crypt:1)
  12 stone giants
  6 caustic shrike skeletons (Depths:3)
  2 very ugly things
  Nessos (D:15)
  2 entropy weavers
  2 lorocyprocas (Pan)
  3 vampire knights (Crypt:2)
  7 deep elf demonologists
  5 deep elf annihilators
  A spark wasp (Depths:2)
  A minotaur (Lab)
  4 ettins
  Josephine (Orc:1)
  14 eidola
  A quicksilver dragon zombie (Crypt:3)
  9 deep elf death magi
  A mummy priest (Crypt:1)
  6 jiangshi
  7 fire dragons
  10 ogre magi
  5 deep elf high priests
  2 ice dragons
  Erolcha (D:10)
  6 great orbs of eyes
  9 yaktaur captains
  The ghost of junkhipster the Basher, a journeyman GrFi of Okawaru (D:14)
  5 spriggan air magi
  4 rakshasas
  31 vault guards
  A catoblepas (D:13)
  20 hydras
  A quicksilver dragon skeleton (Pan)
  2 ghost crabs
  15 naga warriors
  2 death knights
  12 alligators
  16 centaur warriors
  10 anacondas
  A two-headed ogre (shapeshifter) (Vaults:5)
  3 tengu warriors
  9 dancing weapons
  42 two-headed ogres
  3 deep troll earth magi
  4 death yaks (Depths:3)
  2 deep troll shamans
  A titan zombie (Crypt:3)
  6 vampire magi
  6 orc high priests
  11 naga sharpshooters
  8 spriggan berserkers
  Urug (D:10)
  8 soul eaters
  Sonja (Lair:1)
  18 deep elf knights
  4 shock serpents
  An iron troll (Depths:2)
  A sun demon (Depths:3)
  12 deep trolls
  11 skeletal warriors
  A storm dragon skeleton (Pan)
  7 shadow wraiths
  4 salamander mystics (Snake:4)
  4 sea snakes (Snake:1)
  An unseen horror (shapeshifter) (Depths:3)
  8 spriggan druids
  2 wizards
  A sea snake (shapeshifter) (Vaults:3)
  A glowing orange brain (shapeshifter) (Depths:2)
  4 shambling mangroves
  3 golden dragon skeletons
  4 glowing orange brains
  3 unseen horrors
  9 naga ritualists
  16 deep elf archers
  Pikel (D:6)
  10 phantasmal warriors
  11 swamp dragons
  The ghost of HyperPerson7 the Arsonist, a novice DEFE of Vehumet (D:8)
  15 orc knights
  4 mana vipers
  14 necromancers
  12 ironbrand convokers
  A tengu zombie (Depths:1)
  4 oklob plants (Lair:6)
  A frost giant zombie (Crypt:3)
  An iron dragon zombie (Crypt:3)
  6 wolf spiders
  2 stone giant zombies (Crypt:3)
  2 fire giant zombies (Crypt:3)
  The ghost of grizmgrazm2 the Martial Artist, a novice MfTm (D:5)
  12 orc sorcerers
  2 shadow dragon skeletons (Crypt:3)
  7 cyclopes
  A manticore (shapeshifter) (Vaults:5)
  48 deep elf magi
  2 manticores
  A salamander (shapeshifter) (Depths:2)
  44 ugly things
  A fire giant skeleton (Vaults:2)
  24 elephants
  Joseph (D:7)
  12 naga magi
  2 black mambas (shapeshifter)
  9 salamanders
  2 human skeletons
  7 guardian serpents
  2 stone giant skeletons
  6 vault sentinels
  A rust devil (Depths:3)
  34 black mambas
  A torpor snail (Lair:4)
  28 spiny frogs
  An emperor scorpion zombie (Crypt:3)
  2 gargoyles
  A black draconian zombie (Crypt:1)
  A spriggan zombie (Depths:1)
  A shock serpent skeleton (Crypt:1)
  5 kobold demonologists
  A rime drake (Lair:6)
  9 komodo dragons
  11 freezing wraiths
  33 yaktaurs
  A guardian mummy (Crypt:3)
  14 hellwings
  7 demonic crawlers (Pan)
  A yellow draconian skeleton (Crypt:2)
  A red devil (Depths:1)
  11 trolls
  A queen bee (shapeshifter) (Vaults:4)
  9 polar bears
  7 jumping spiders
  11 tyrant leeches
  6 tengu conjurers
  6 wind drakes (Depths:1)
  33 hornets
  2 jumping spiders (shapeshifter) (D:15)
  A troll (shapeshifter) (D:15)
  9 bog bodies
  20 dream sheep
  45 slime creatures
  16 blink frogs
  A blink frog (shapeshifter) (D:15)
  3 fire dragon zombies
  An ice dragon zombie (Crypt:3)
  11 hippogriffs
  A black mamba zombie (Crypt:3)
  An alligator zombie (Crypt:3)
  A centaur simulacrum (D:15)
  Sigmund (D:3)
  15 air elementals
  2 alligator skeletons
  61 spriggans
  A shadow (Swamp:4)
  56 yaks
  A fire dragon skeleton (Crypt:2)
  14 wraiths
  3 ettin skeletons
  An orc simulacrum (Vaults:2)
  5 redbacks
  3 water elementals
  6 wyverns
  2 basilisks
  An ice dragon skeleton (Pan)
  9 fire bats (Volcano)
  4 hogs (D:7)
  A human (D:7)
  2 fire elementals
  2 steam dragons
  9 hungry ghosts
  16 vampire mosquitoes
  31 insubstantial wisps
  19 swamp worms
  A warg (shapeshifter) (D:15)
  Menkaure (D:6)
  2 large abominations (Pan)
  10 wargs
  2 hell hounds (D:9)
  A merfolk zombie (Crypt:3)
  4 acid dragons
  A two-headed ogre zombie (Crypt:1)
  54 nagas
  13 water moccasins
  A spiny frog zombie (Crypt:3)
  7 porcupines
  6 sky beasts
  15 swamp drakes
  10 black bears
  A black bear (shapeshifter) (D:13)
  A spiny frog skeleton (Crypt:1)
  An ice beast (shapeshifter) (Vaults:1)
  2 snapping turtle zombies (Crypt:3)
  4 eyes of draining
  3 phantoms
  A fire dragon simulacrum (Crypt:1)
  3 ice beasts
  2 eyes of draining (shapeshifter) (Vaults:3)
  35 ogres
  52 orc warriors
  A necrophage (Crypt:2)
  16 boggarts
  20 wolves (Lair:6)
  26 centaurs
  A centaur (shapeshifter) (Vaults:5)
  A manticore skeleton (Crypt:1)
  A swamp dragon skeleton (Pan)
  21 crocodiles
  A hog skeleton (Crypt:2)
  An octopode zombie (Crypt:2)
  24 bullfrogs
  A big kobold (shapeshifter) (Elf:1)
  3 big kobolds
  2 earth elementals (Elf:2)
  A glowing shapeshifter simulacrum (Depths:1)
  3 wyvern zombies
  A polar bear zombie (Crypt:2)
  9 scorpions
  9 wyvern skeletons
  A human simulacrum (Vaults:2)
  6 killer bees
  A howler monkey (D:6)
  19 wights
  11 electric eels (Snake:1)
  8 crimson imps
  2 bullfrog zombies
  4 centaur zombies
  A human zombie (Crypt:3)
  3 quasits
  3 jellies
  A basilisk zombie (Crypt:2)
  A bullfrog skeleton (D:4)
  7 hounds
  26 orc priests
  4 centaur skeletons
  2 iguanas
  9 worker ants
  39 orc wizards
  A killer bee zombie (D:7)
  A big kobold zombie (Ossuary)
  A naga zombie (Crypt:3)
  A crocodile skeleton (Crypt:1)
  An ogre zombie (Crypt:1)
  An ogre skeleton (Crypt:3)
  A hound zombie (D:6)
  A hound skeleton (D:9)
  11 mummies
  A howler monkey zombie (D:8)
  A worker ant zombie (D:9)
  A howler monkey skeleton (Crypt:2)
  12 gnolls
  12 adders
  6 shadow imps
  A halfling zombie (Crypt:1)
  4 oozes
  An adder skeleton (D:3)
  2 worms
  3 leopard geckos
  114 orcs
  5 ball pythons (Swamp:3)
  11 bats
  11 giant cockroaches
  2 gnoll zombies (Ossuary)
  12 goblins
  12 hobgoblins
  13 jackals
  5 quokkas
  A ball python skeleton (Crypt:2)
  4 frilled lizards
  A giant cockroach zombie (Crypt:1)
  4 goblin zombies (D:5)
  3 hobgoblin zombies
  26 kobolds
  2 kobold skeletons (D:5)
  2 kobold zombies
  2 leopard gecko skeletons
  A leopard gecko zombie (Crypt:2)
  2 orc skeletons
  2 orc zombies (Ossuary)
  7 rats
  A briar patch (Swamp:1)
  10 fungi
  12 plants
  2 withered plants (Crypt:3)
2327 creatures vanquished.

Vanquished Creatures (others)
  A deep elf master archer (Elf:3)
  A war gargoyle (Vaults:5)
  A deep elf mage (Elf:3)
  2 ugly things (Swamp:4)
  A wind drake (Depths:1)
  A swamp drake (Swamp:4)
  An ogre (Depths:1)
  13 ball lightnings (Depths:1)
  An orc (Orc:1)
  2 briar patches (Swamp:1)
  12 fungi
  2 plants (Lair:6)
  19 withered plants (Crypt:3)
57 creatures vanquished.

Grand Total: 2384 creatures vanquished

Notes
Turn   | Place    | Note
-------+----------+-------------------------------------------
     0 | D:1      | VincentAMV the Minotaur Fighter began the quest for the Orb.
     0 | D:1      | Reached XP level 1. HP: 19/19 MP: 0/0
   123 | D:1      | Reached XP level 2. HP: 25/27 MP: 1/1
   328 | D:1      | Reached XP level 3. HP: 33/33 MP: 2/2
  1614 | D:3      | Reached XP level 4. HP: 40/40 MP: 3/3
  1759 | D:3      | Noticed Sigmund
  1813 | D:2      | You fall through a shaft!
  1881 | D:3      | HP: 1/40 [something (2)]
  1887 | D:3      | Killed Sigmund
  1887 | D:3      | Reached skill level 5 in Maces & Flails
  1887 | D:3      | Reached XP level 5. HP: 10/46 MP: 4/4
  1887 | D:3      | Reached XP level 6. HP: 11/52 MP: 5/5
  2214 | D:3      | Found a shadowy altar of Dithmenos.
  2545 | D:4      | Reached skill level 5 in Armour
  2545 | D:4      | Reached skill level 5 in Shields
  2579 | D:4      | Found an opulent altar of Gozag.
  2671 | D:4      | Found Zoil Jel's Weapon Emporium.
  3251 | D:4      | Reached XP level 7. HP: 60/60 MP: 6/6
  3560 | D:5      | Entered Level 5 of the Dungeon
  3628 | D:5      | Found a bloodstained altar of Trog.
  3711 | D:5      | Found a glowing golden altar of the Shining One.
  3730 | D:5      | Became a worshipper of the Shining One
  3753 | D:5      | HP: 3/60 [gnoll/halberd (9)]
  3800 | D:5      | Found a glowing drain.
  3817 | Sewer    | Entered a sewer
  3876 | Sewer    | Reached skill level 5 in Fighting
  4127 | D:5      | Noticed grizmgrazm2's ghost (novice MfTm)
  4163 | D:5      | Killed grizmgrazm2's ghost
  4163 | D:5      | Reached XP level 8. HP: 33/69 MP: 7/7
  4451 | D:5      | Found a staircase to the Ecumenical Temple.
  5284 | D:6      | Noticed Menkaure
  5290 | D:6      | Killed Menkaure
  5579 | D:6      | Found a sand-covered staircase.
  5589 | Ossuary  | Entered an ossuary
  5598 | Ossuary  | Reached * piety under the Shining One
  5703 | Ossuary  | Reached ** piety under the Shining One
  5951 | D:6      | Reached skill level 10 in Maces & Flails
  5996 | D:6      | Noticed Pikel
  6048 | D:6      | Killed Pikel
  6048 | D:6      | Reached skill level 1 in Evocations
  6048 | D:6      | Reached XP level 9. HP: 75/75 MP: 8/8
  6996 | D:7      | Found a deep blue altar of Sif Muna.
  7183 | D:7      | Noticed Joseph
  7197 | D:7      | Killed Joseph
  7440 | D:7      | Reached *** piety under the Shining One
  7444 | D:7      | Reached XP level 10. HP: 84/84 MP: 9/9
  7705 | D:8      | Noticed a two-headed ogre
  7715 | D:8      | Killed a two-headed ogre
  7715 | D:8      | Reached skill level 1 in Invocations
  8069 | D:8      | Noticed HyperPerson7's ghost (novice DEFE)
  8080 | D:8      | Killed HyperPerson7's ghost
  8161 | D:8      | Found an ornate altar of the Wu Jian Council.
  8459 | D:9      | Found a staircase to the Lair.
  8496 | D:9      | Found Ofunnied's General Store.
  8500 | D:9      | Bought a +2 plate armour of fire resistance for 640 gold pieces
  8682 | D:9      | Found a hide-covered altar of Uskayaw.
  8741 | D:9      | Noticed a two-headed ogre
  8754 | D:9      | Killed a two-headed ogre
  8754 | D:9      | Reached XP level 11. HP: 92/92 MP: 10/12
  8780 | D:9      | Reached **** piety under the Shining One
  9252 | D:10     | Entered Level 10 of the Dungeon
  9305 | D:10     | Found Nagi's Armour Shop.
  9575 | D:10     | Reached skill level 15 in Maces & Flails
  9994 | D:10     | Noticed Urug
 10204 | D:10     | Found Royblafa's Antique Weapon Shop.
 10222 | D:10     | Noticed Erolcha
 10253 | D:10     | Killed Erolcha
 10555 | D:10     | Killed Urug
 10884 | D:11     | Found a labyrinth entrance.
 10912 | Lab      | Entered a labyrinth
 11590 | Lab      | Noticed a minotaur
 11606 | Lab      | Killed a minotaur
 11919 | D:11     | Reached ***** piety under the Shining One
 12096 | D:11     | Found a staircase to the Orcish Mines.
 12399 | D:12     | Found a flagged portal.
 12412 | D:12     | Reached XP level 12. HP: 96/103 MP: 14/14
 12423 | Bailey   | Entered a bailey
 12793 | D:12     | Noticed a two-headed ogre
 12795 | D:12     | Noticed an eight-headed hydra
 12799 | D:12     | Killed a two-headed ogre
 12799 | D:12     | Reached skill level 10 in Shields
 12808 | D:12     | Killed an eight-headed hydra
 12808 | D:12     | Reached skill level 10 in Armour
 13359 | D:12     | Noticed Nessos
 13429 | D:12     | Got a crystal morningstar
 13819 | D:12     | Identified the +8 morningstar of Fortitude {protect, rPois rF- rC+ Dex+4} (You found it on level 12 of the Dungeon)
 14029 | D:13     | Learned a level 2 spell: Blink
 14121 | D:13     | Noticed a catoblepas
 14294 | Lair:1   | Entered Level 1 of the Lair of Beasts
 14349 | Lair:1   | Noticed Sonja
 14372 | Lair:1   | Killed Sonja
 14658 | Lair:1   | Reached skill level 10 in Fighting
 15325 | Lair:2   | Found a dark tunnel.
 15337 | Volcano  | Entered a volcano
 15440 | Volcano  | Noticed a two-headed ogre
 15448 | Volcano  | Killed a two-headed ogre
 15494 | Volcano  | Reached XP level 13. HP: 106/114 MP: 15/15
 15594 | Volcano  | Noticed a fire dragon
 15613 | Volcano  | Killed a fire dragon
 16479 | Lair:2   | Found a staircase to the Swamp.
 18242 | Lair:4   | Found a staircase to the Snake Pit.
 18613 | Lair:5   | Reached XP level 14. HP: 123/126 MP: 16/16
 18812 | Lair:5   | Found a staircase to the Slime Pits.
 19449 | Lair:6   | Entered Level 6 of the Lair of Beasts
 19717 | Lair:6   | Reached ****** piety under the Shining One
 21731 | Orc:1    | Entered Level 1 of the Orcish Mines
 21735 | Orc:1    | Reached skill level 1 in Throwing
 22009 | Orc:1    | Noticed Josephine
 22017 | Orc:1    | Killed Josephine
 22274 | Orc:1    | Reached XP level 15. HP: 130/136 MP: 17/17
 22337 | Orc:1    | Noticed an orc warlord
 22582 | Orc:1    | Killed an orc warlord
 22692 | Orc:1    | Noticed an orc warlord
 22978 | Orc:1    | Killed an orc warlord
 23086 | Orc:1    | Got an ancient iron ring
 23162 | Orc:1    | Identified Gyop's Disquisition on Warped Air
 23167 | Orc:1    | Got a shimmering robe
 23170 | Orc:1    | Identified the ring "Dushrock" {+Fly rC+ Dex+4} (You found it on level 1 of the Orcish Mines)
 23183 | Orc:1    | Identified the +1 robe of Life {Int+4 Dex+4} (You found it on level 1 of the Orcish Mines)
 23221 | Orc:2    | Entered Level 2 of the Orcish Mines
 23512 | Orc:2    | Found a staircase to the Elven Halls.
 23865 | Orc:2    | Noticed an orc warlord
 24185 | Orc:1    | Killed an orc warlord
 24185 | Orc:1    | Reached skill level 15 in Shields
 24913 | Orc:2    | Found Axiepnol's General Store.
 24914 | Orc:2    | Found Hocug's Jewellery Emporium.
 24917 | Orc:2    | Found Ezeli's Antique Armour Shoppe.
 24917 | Orc:2    | Found Dootut's Antique Weapon Shoppe.
 25024 | Orc:2    | Bought a potion of heal wounds for 55 gold pieces
 25024 | Orc:2    | Bought a scroll of blinking for 82 gold pieces
 25026 | Orc:2    | Bought an uncursed ring of protection from fire for 350 gold pieces
 25036 | Orc:2    | Bought a faintly glowing morningstar for 189 gold pieces
 25330 | Swamp:1  | Entered Level 1 of the Swamp
 25512 | Swamp:1  | Reached skill level 5 in Throwing
 25670 | Swamp:1  | Noticed a thorn hunter
 25697 | Swamp:1  | Killed a thorn hunter
 25957 | Swamp:1  | Noticed Nattefrost's ghost (journeyman DsAr)
 25967 | Swamp:1  | Killed Nattefrost's ghost
 26193 | Swamp:1  | Noticed a tentacled monstrosity
 26213 | Swamp:1  | Killed a tentacled monstrosity
 26229 | Swamp:1  | Got an ancient scale mail
 26650 | Swamp:2  | Noticed Donald
 26680 | Swamp:1  | Killed Donald
 27088 | Swamp:2  | Reached XP level 16. HP: 116/147 MP: 18/18
 27094 | Swamp:2  | Paralysed by a hornet for 3 turns
 27545 | Swamp:2  | Paralysed by a hornet for 2 turns
 29005 | Swamp:3  | Noticed a tentacled monstrosity
 29023 | Swamp:3  | Killed a tentacled monstrosity
 29285 | Swamp:4  | Entered Level 4 of the Swamp
 29484 | Swamp:4  | Noticed Louise
 29503 | Swamp:4  | Killed Louise
 29507 | Swamp:4  | Got a spiked large shield
 29739 | Swamp:4  | Reached skill level 15 in Fighting
 29981 | Swamp:4  | Noticed Roxanne
 30489 | Swamp:4  | Noticed a thorn hunter
 30499 | Swamp:4  | Killed a thorn hunter
 30753 | Swamp:4  | Got a decaying rune of Zot
 31024 | Lair:1   | Identified the cursed +0 scale mail "Xiullo" {rPois Str+2 Stlth+} (You found it on level 1 of the Swamp)
 31034 | Lair:1   | Identified the +8 large shield "Heist" {Int+2} (You took it off Louise on level 4 of the Swamp)
 31401 | Snake:1  | Entered Level 1 of the Snake Pit
 31476 | Snake:1  | Reached XP level 17. HP: 102/156 MP: 19/19
 32055 | Snake:1  | Noticed Rupert
 32066 | Snake:1  | Killed Rupert
 33467 | Snake:2  | Noticed Aizul
 33504 | Snake:2  | Killed Aizul
 34947 | Snake:3  | Got a brightly glowing robe
 34948 | Snake:3  | Identified the cursed +0 robe of the Nexus {rC+ MR+ rCorr Int+3} (You found it on level 3 of the Snake Pit)
 35098 | Snake:3  | Reached skill level 15 in Armour
 35257 | Snake:4  | Entered Level 4 of the Snake Pit
 35360 | Snake:4  | Found a bloodstained altar of Trog.
 35858 | Snake:4  | Gained mutation: Your body sometimes deteriorates upon taking damage. [the power of Zot]
 35858 | Snake:4  | Gained mutation: Armour fits poorly on your strangely shaped body. [the power of Zot]
 36256 | Snake:4  | Noticed Vashnia
 36550 | Snake:4  | Killed Vashnia
 36550 | Snake:4  | Reached XP level 18. HP: 104/166 MP: 20/20
 36785 | Snake:4  | Identified a scroll of acquirement
 37442 | Snake:4  | Got a serpentine rune of Zot
 37746 | Lair:1   | Got a shimmering large shield
 37747 | Lair:1   | Identified the -5 large shield "Xoeqorhu" {rPois} (You acquired it on level 1 of the Lair of Beasts)
 37850 | D:10     | Bought the +3 hat of Pondering {ponderous, MR+ MP+10 Int+5} for 495 gold pieces
 37850 | D:10     | Found the +3 hat of Pondering {ponderous, MR+ MP+10 Int+5}
 37850 | D:10     | Bought the +0 cloak of Nutakoiru {Dex+3} for 231 gold pieces
 38023 | Elf:1    | Entered Level 1 of the Elven Halls
 38104 | Elf:1    | Reached skill level 1 in Dodging
 38305 | Elf:1    | Noticed a Hell Sentinel
 38496 | Elf:1    | Found Juynoid's Magic Scroll Shop.
 38499 | Elf:1    | Bought a scroll of identify for 34 gold pieces
 38499 | Elf:1    | Bought a scroll of remove curse for 51 gold pieces
 38499 | Elf:1    | Bought a scroll of remove curse for 51 gold pieces
 38939 | Elf:1    | Identified the Disquisition on Conjuration
 39585 | Elf:2    | Found a large runed door.
 39585 | Elf:2    | Found a large runed door.
 39602 | Elf:2    | Found a large runed door.
 39602 | Elf:2    | Found a large runed door.
 39716 | Elf:2    | Upgraded the game from 0.22-a0-467-g5c5de1c to 0.22-a0-469-gf26638a
 39742 | Elf:3    | Entered Level 3 of the Elven Halls
 40316 | Elf:3    | Noticed a Hell Sentinel
 40316 | Elf:3    | Noticed an Ice Fiend
 40597 | Elf:3    | Reached skill level 5 in Invocations
 40735 | Elf:3    | Reached XP level 19. HP: 168/174 MP: 21/21
 40746 | Elf:3    | Got a shimmering ring mail
 40782 | Elf:3    | Got an ichor-stained morningstar {flame}
 41009 | Elf:3    | Identified the Collected Works on Assistive Ignition
 41021 | Elf:3    | Found the amulet of the Air {Inacc +Fly rElec EV+5 RMsl}
 41026 | Elf:3    | Identified the +8 morningstar "Koonwapp" {flame, rElec rPois Dex+3 SInv} (You took it off a deep elf death mage on level 3 of the Elven Halls)
 41036 | Elf:3    | Identified the Grimoire of Malediction and Augmentations
 41044 | Elf:3    | Identified the Tome of Dislocation
 41061 | Elf:3    | Got a pitted ring mail
 41099 | Elf:3    | Found the +2 ratskin cloak {+Rats rPois rN+ Str-1 Int-1 Dex+1}
 41136 | Elf:3    | Identified the +7 ring mail of the Land of Plenty {+Blink MR- Str+3} (You found it on level 3 of the Elven Halls)
 41146 | Elf:3    | Identified the +5 ring mail of the Big Bang {*Corrode rC++ Str+9 Int-5} (You took it off a deep elf high priest on level 3 of the Elven Halls)
 42175 | D:9      | Bought a potion of curing for 48 gold pieces
 42175 | D:9      | Bought a scroll of identify for 32 gold pieces
 42828 | D:13     | Found Liloemi's Weapon Emporium.
 43388 | D:14     | Found a gate to the Vaults.
 43411 | Vaults:1 | Entered Level 1 of the Vaults
 44157 | Vaults:1 | Noticed Asterion
 44169 | Vaults:1 | Killed Asterion
 44455 | Vaults:1 | Reached XP level 20. HP: 169/185 MP: 24/24
 45769 | Vaults:2 | Found Sausiy's General Store.
 45797 | Vaults:2 | Bought a scroll of identify for 24 gold pieces
 45797 | Vaults:2 | Bought a potion of might for 48 gold pieces
 45797 | Vaults:2 | Bought 3 scrolls of acquirement for 1872 gold pieces
 45991 | Vaults:2 | Found Seuxeot's Weapon Boutique.
 46014 | Vaults:2 | Found Sexzoa's Weapon Boutique.
 46068 | Vaults:2 | Found Birar's Jewellery Shoppe.
 46109 | Vaults:2 | Found a staircase to the Crypt.
 46109 | Vaults:2 | Found an ancient bone altar of Kikubaaqudgha.
 46109 | Vaults:2 | Found a basalt altar of Yredelemnul.
 46358 | Vaults:2 | Found Fufid's Assorted Antiques.
 46390 | Vaults:2 | Bought a scroll of enchant weapon for 337 gold pieces
 46390 | Vaults:2 | Bought a pair of runed gloves for 337 gold pieces
 48523 | Vaults:4 | Found Qeyd's Antique Armour Shop.
 48825 | Vaults:4 | Reached XP level 21. HP: 179/195 MP: 27/27
 49512 | Vaults:5 | Entered Level 5 of the Vaults
 49797 | Vaults:4 | Reached skill level 10 in Invocations
 51043 | Vaults:5 | Got a heavily runed bone ring
 51044 | Vaults:5 | Identified the cursed ring "Meq Wyeg" {*Contam AC-3 Int+3} (You found it on level 5 of the Vaults)
 51232 | Vaults:5 | Got an ichor-stained battleaxe {chop}
 51274 | Vaults:5 | Gained mutation: Your body often deteriorates upon taking damage. [a shining eye]
 51310 | Vaults:5 | Got an ancient demon trident {freeze}
 51319 | Vaults:5 | Identified the +5 battleaxe of Descent {chop, Dex+3 SInv} (You took it off an ironheart preserver on level 5 of the Vaults)
 51341 | Vaults:5 | Reached XP level 22. HP: 79/205 MP: 29/29
 51670 | Vaults:5 | Got a twisted cloak
 52129 | Vaults:5 | Got a silver rune of Zot
 52192 | Vaults:5 | Got an iridescent hand axe {elec}
 52195 | Vaults:5 | Identified the +8 hand axe of Famine {elec, rPois rC- Dex+9} (You took it off a deep elf mage on level 5 of the Vaults)
 52715 | Vaults:2 | Identified the +2 cloak "Dolenaok" {rCorr Dex-3 Stlth+} (You found it on level 5 of the Vaults)
 52725 | Crypt:1  | Entered Level 1 of the Crypt
 54231 | Crypt:1  | Found a deep blue altar of Sif Muna.
 55020 | Crypt:2  | Noticed Saint Roka
 55060 | Crypt:2  | Killed Saint Roka
 55481 | Crypt:2  | Noticed a greater mummy
 55491 | Crypt:2  | Noticed a greater mummy
 55493 | Crypt:2  | Killed a greater mummy
 55498 | Crypt:2  | Noticed Khufu
 55790 | Crypt:2  | Killed a greater mummy
 56262 | Crypt:2  | Killed Khufu
 56540 | Crypt:3  | Entered Level 3 of the Crypt
 58299 | Crypt:3  | Reached XP level 23. HP: 214/214 MP: 30/30
 58773 | Crypt:3  | Got a fine turquoise ring
 58797 | Crypt:3  | Found an ancient bone altar of Kikubaaqudgha.
 59029 | Crypt:3  | Identified the ring of Xexuzxym {+Fly rPois rN+ Int-2 Stlth+} (You took it off a necromancer on level 3 of the Crypt)
 59050 | Crypt:3  | Noticed an ancient lich
 59068 | Crypt:3  | Killed an ancient lich
 59078 | Crypt:3  | Got a vibrating glass ring
 59276 | Crypt:3  | Noticed a greater mummy
 59287 | Crypt:3  | Killed a greater mummy
 59480 | Crypt:3  | Found a staircase to the Tomb.
 59488 | Crypt:3  | Identified the ring of Futuk {rF+ rC+ rN+ MR+ Dex+3} (You took it off a necromancer on level 3 of the Crypt)
 59518 | Crypt:3  | Found the +2 cloak of the Thief {+Fog Slay-2 SInv Stlth+}
 59902 | Vaults:2 | Bought the +10 morningstar of Causality {flame, rPois Str+2} for 1524 gold pieces
 60082 | Vaults:1 | Identified a +4 sacred scourge of holy wrath (a +2 demon whip of freezing blessed by the Shining One)
 60082 | Vaults:1 | Received a gift from the Shining One
 60098 | D:14     | Noticed junkhipster's ghost (journeyman GrFi)
 60107 | D:14     | Killed junkhipster's ghost
 60689 | D:15     | Entered Level 15 of the Dungeon
 60713 | D:15     | Killed Nessos
 60728 | D:15     | Found a staircase to the Depths.
 61545 | Depths:1 | Entered Level 1 of the Depths
 61625 | Depths:1 | Found a one-way gate to the infinite horrors of the Abyss.
 61778 | Depths:1 | Found a gateway to Hell.
 63272 | Depths:2 | Found Rinwodeh's Gadget Shop.
 63967 | Depths:2 | Reached XP level 24. HP: 222/222 MP: 30/30
 64518 | Depths:3 | Found a one-way gate leading to the halls of Pandemonium.
 64546 | Depths:3 | Got a twitching ruby amulet
 64549 | Depths:3 | Identified the amulet of Xom's Passing Interest {RegenMP rPois Str+3 Dex+4 Stlth-} (You found it on level 3 of the Depths)
 64627 | Depths:3 | Reached skill level 27 in Maces & Flails
 65056 | Depths:3 | Found a bloodstained altar of Trog.
 65197 | Depths:3 | Found a gateway to a ziggurat.
 65727 | Depths:3 | Noticed the Enchantress
 65739 | Depths:3 | Killed the Enchantress
 65751 | Depths:3 | Got faerie dragon scales
 66095 | Depths:3 | Reached skill level 27 in Shields
 66328 | Depths:1 | Upgraded the game from 0.22-a0-469-gf26638a to 0.22-a0-480-g991dd4b
 66429 | Hell     | Entered the Vestibule of Hell
 66429 | Hell     | Noticed Geryon
 66530 | Pan      | Entered the realm of Gloorx Vloq.
 66530 | Pan      | Entered Pandemonium
 66926 | Pan      | Noticed Gloorx Vloq
 66954 | Pan      | HP: 10/231 [Executioner[Gloorx Vloq] (10)]
 66956 | Pan      | Mangled by an Executioner

Vault maps used:
D:1:      dpeg_arrival_lava_altar
D:3:      lemuel_crystal_altar, uniq_sigmund
D:4:      lemuel_round_altar, serial_shops, nicolae_shop_behind_doors,
          hangedman_decor_push
D:5:      minmay_temple_entry_crystal_x, portal_sewer_entry_d, basic_altar,
          first_ration, grunt_decor_clamped, nicolae_tso_besieged_by_evil
D:6:      nicolae_ossuary_entry_plus, uniq_pikel, uniq_menkaure
D:7:      basic_altar, grunt_livestock, minivault_19, uniq_joseph
D:8:      nicolae_overflow_hidden_temple, minmay_misc_feat_five,
          minmay_gold_behind_fungi
D:9:      old_standard_altar, minmay_lair_entry_lava, serial_shops, shop_statue
D:10:     serial_shops, shop, shop, uniq_urug, uniq_erolcha
D:11:     orc_0_dummy, lab_entry_generic
D:12:     enter_bailey_2, uniq_nessos
D:13:     serial_shops, shop
D:14:     david_vaults_5, serial_park_avenue1, grunt_decor_arrowhead
D:15:     gammafunk_enter_depths_forms, minmay_misc_feat_square,
          hangedman_decor_peaks_small
Lair:1:   uniq_sonja
Lair:2:   minmay_swamp_entry_worms, nicolae_volcano_entry_two_sided
Lair:3:   guppyfry_lair_drakes, grunt_megastairs_4, lemuel_fruit_fields
Lair:4:   guppyfry_snake_entry_garden, beast_lair_carwin_11
Lair:5:   slime_dummy, grunt_megastairs_1
Lair:6:   minmay_lair_end_enchanted_forest, grunt_megastairs_3,
          minmay_lair_oklob_chamber
Swamp:1:  cheibrodos_swamp_monstrosity, evilmike_swamp_ruin_wall
Swamp:2:  evilmike_swamp_ruin_rubble_1, uniq_donald
Swamp:3:  evilmike_swamp_ruin_house_5, swamp_pool5, nicolae_swamp_snake_nest
Swamp:4:  swamp, uniq_louise, uniq_roxanne
Snake:1:  uniq_rupert
Snake:2:  uniq_aizul
Snake:4:  johnstein_snake_rune_scales, basic_altar, serial_bayou_crossing
Orc:1:    minmay_orc_treasury, uniq_josephine
Orc:2:    st_orc_congregation
Elf:1:    serial_shops, nicolae_shop_behind_doors, minmay_elf_annihilation
Elf:2:    uniq_agnes
Elf:3:    grunt_elf_hall_spiral
Vaults:1: v_pattern_3, hangedman_vaults_unwind, ontoclasm_vaults_tryst,
          nicolae_vaults_specimen_jars, vaults_standard_mumra_enter_the_diamond,
          nicolae_vaults_angled_halls, v_alt_pattern_2, grunt_vaults_bifocal,
          nicolae_vaults_big_angled_halls, v_alt_pattern_3,
          ontoclasm_vaults_pinch, grunt_vaults_hallway_long,
          vaults_mumra_hexcomb, ontoclasm_vaults_hangar,
          hangedman_vaults_stretched_pinwheel, uniq_asterion
Vaults:2: vaults_standard_mumra_lines, v_rooms_4, nicolae_vaults_shelves_hall,
          nicolae_vaults_ninety_degrees, v_misc_12, hangedman_vaults_pinch,
          v_misc_9, vaults_room_pools, minmay_crypt_entry_necro_gods,
          vaults_mumra_chevron, nicolae_vaults_little_squares_3, serial_shops,
          shop, shop_fountains, shop, nicolae_shop_waterfront, shop_statue
Vaults:3: vaults_mumra_chevron_long, vaults_room_fours,
          nicolae_vaults_little_squares_2, hangedman_vaults_nodes, v_rooms_1,
          nicolae_vaults_mini_display_case, ontoclasm_vaults_fault,
          nicolae_vaults_theta
Vaults:4: v_misc_22, v_misc_22, grunt_vaults_swirl, ontoclasm_vaults_idyll,
          ontoclasm_vaults_chip, v_pattern_2, v_misc_28, hangedman_vaults_slice,
          ontoclasm_vaults_eye, vaults_room_door_ring,
          nicolae_vaults_display_case, vaults_room_semicircle,
          nicolae_vaults_shelves_hall, nicolae_vaults_little_squares_3,
          ontoclasm_vaults_hangar, vaults_room_pool, vaults_room_stairs_pillars,
          serial_shops, shop_fountains
Vaults:5: serial_shops
Crypt:1:  hangedman_summoners_spam
Crypt:2:  uniq_saint_roka, uniq_khufu
Crypt:3:  evilmike_haunted_forest
Depths:1: kennysheep_minor_cross, abyss_entry_crystal, hellmouth_1, aerie_lemuel
Depths:2: minmay_the_grid_3x2, hell_entry, minmay_splitting_lines, serial_shops,
          shop, spider_trap, minivault_16, serial_bayou_shore_a
Depths:3: spriggan_forest, pan_entry, hell_entry
Pan:      gloorx_vloq_grunt_torture_chamber
Lab:      labyrinth_spiral, labyrinth_skeletal_remains, labyrinth_glass_1,
          lab_block, nicolae_lab_swirl
Sewer:    sewer_big_baddie
Ossuary:  ossuary_tomb_3
Bailey:   bailey_axe_1, bailey
Volcano:  pf_volcano_lost_world

Skill      XL: |  1  2  3  4  5  6  7  8  9 10 11 12 13 14 15 16 17 18 19 20 21 22 23 24 |
---------------+-------------------------------------------------------------------------+-----
Armour         | 4 5 6 7 8 9 10 12 13 14 15 16 17 18 | 18.8
Fighting       | 4 5 6 7 8 10 12 13 14 15 16 17 18 19 20 21 | 21.7
Shields        | 4 5 6 7 8 9 11 13 14 16 18 19 20 22 23 24 25 26 27 | 27.0
Maces & Flails | 3 5 6 8 10 12 14 16 17 18 19 20 21 22 23 24 25 26 27 | 27.0
Evocations     | 1 |  1.2
Invocations    | 2 4 5 7 9 10 11 12 | 12.1
Throwing       | 2 6 |  6.0
Dodging        | 3 |  3.3

Action                   |  1- 3 |  4- 6 |  7- 9 | 10-12 | 13-15 | 16-18 | 19-21 | 22-24 || total
-------------------------+-------+-------+-------+-------+-------+-------+-------+-------++-------
Melee: Flail             |    86 |   168 |   336 |       |       |       |       |       ||   590
       Headbutt          |    12 |    17 |    48 |   113 |   363 |   456 |   573 |   578 ||  2160
       Morningstar       |       |       |    49 |   574 |  1321 |  1444 |  1493 |  1762 ||  6643
       Spear             |       |       |       |    41 |       |       |       |       ||    41
Throw: Tomahawk          |       |       |     4 |     5 |     2 |    15 |       |       ||    26
       Javelin           |       |       |       |     2 |       |       |       |     8 ||    10
Invok: Brand Weapon With |       |       |       |       |       |       |       |     1 ||     1
Evoke: Wand              |       |       |    16 |     9 |       |     1 |     4 |     4 ||    34
       Sack of spiders   |       |       |       |     2 |       |       |       |       ||     2
  Use: Scroll            |     4 |     6 |    16 |    18 |    15 |    23 |    25 |    38 ||   145
       Potion            |       |     2 |     8 |     8 |    11 |    11 |    10 |    20 ||    70
  Eat: Chunk             |     1 |     2 |    17 |    20 |    17 |     9 |    21 |    13 ||   100
       Ration            |     1 |       |     2 |     2 |     7 |    10 |     5 |    12 ||    39
Armor: Scale mail        |    34 |       |       |       |       |       |       |       ||    34
       Chain mail        |     2 |    65 |    87 |       |       |       |       |       ||   154
       Skin              |       |       |     1 |       |       |       |       |       ||     1
       Plate armour      |       |       |    12 |   263 |   474 |   417 |   298 |   537 ||  2001
Dodge: Dodged            |    29 |    59 |   121 |   224 |   341 |   199 |   268 |   290 ||  1531
Block: Shield            |    44 |    85 |   167 |   426 |   844 |   375 |       |       ||  1941
       Large shield      |       |       |       |       |       |  1139 |  1825 |  2468 ||  5432

Table legend:
 A = Spawn XP
 B = Non-spawn XP
 C = Spawn XP percentage of total XP
 D = Spawn monster count
 E = Non-spawn monster count
 F = Spawn count percentage of total count
 G = Total turns spent on level
                    A         B        C        D         E        F      G
               +---------+---------+-------+---------+---------+-------+---------
         Total |    2943 | 1092323 |   0.3 |       4 |    2301 |   0.2 | 66956
               +---------+---------+-------+---------+---------+-------+---------
           D:1 |       0 |      49 |   0.0 |       0 |      28 |   0.0 |   554
           D:2 |       0 |      45 |   0.0 |       0 |      16 |   0.0 |  1075
           D:3 |       0 |     305 |   0.0 |       0 |      25 |   0.0 |   816
           D:4 |       0 |     505 |   0.0 |       0 |      11 |   0.0 |  1115
           D:5 |       0 |    1207 |   0.0 |       0 |      31 |   0.0 |  1427
           D:6 |       0 |    1800 |   0.0 |       0 |      27 |   0.0 |  1408
           D:7 |       0 |    2298 |   0.0 |       0 |      23 |   0.0 |   531
           D:8 |       0 |    2134 |   0.0 |       0 |      15 |   0.0 |   902
           D:9 |       0 |    3280 |   0.0 |       0 |      32 |   0.0 |  1503
          D:10 |       0 |    4521 |   0.0 |       0 |      37 |   0.0 |  1480
          D:11 |       0 |    4442 |   0.0 |       0 |      49 |   0.0 |  1575
          D:12 |       0 |    4509 |   0.0 |       0 |      13 |   0.0 |   928
          D:13 |       0 |   12804 |   0.0 |       0 |      53 |   0.0 |  1182
          D:14 |       0 |   10512 |   0.0 |       0 |      38 |   0.0 |   825
          D:15 |       0 |   17460 |   0.0 |       0 |      53 |   0.0 |   856
        Lair:1 |       0 |    5150 |   0.0 |       0 |      22 |   0.0 |  1558
        Lair:2 |       0 |    4232 |   0.0 |       0 |      16 |   0.0 |  1273
        Lair:3 |       0 |    5313 |   0.0 |       0 |      17 |   0.0 |  1110
        Lair:4 |       0 |   10887 |   0.0 |       0 |      39 |   0.0 |   878
        Lair:5 |       0 |    9089 |   0.0 |       0 |      29 |   0.0 |   977
        Lair:6 |       0 |   27889 |   0.0 |       0 |     109 |   0.0 |  2039
       Swamp:1 |       0 |   24443 |   0.0 |       0 |      49 |   0.0 |  1969
       Swamp:2 |       0 |   13540 |   0.0 |       0 |      37 |   0.0 |  1068
       Swamp:3 |       0 |   17727 |   0.0 |       0 |      49 |   0.0 |   976
       Swamp:4 |       0 |   31930 |   0.0 |       0 |      60 |   0.0 |  1531
       Snake:1 |       0 |   22198 |   0.0 |       0 |      45 |   0.0 |  2277
       Snake:2 |       0 |   12267 |   0.0 |       0 |      24 |   0.0 |  1127
       Snake:3 |       0 |   12644 |   0.0 |       0 |      28 |   0.0 |   966
       Snake:4 |       0 |   59483 |   0.0 |       0 |      89 |   0.0 |  1871
         Orc:1 |       0 |   19273 |   0.0 |       0 |      99 |   0.0 |  2143
         Orc:2 |       0 |    7950 |   0.0 |       0 |      64 |   0.0 |   868
         Elf:1 |       0 |   23827 |   0.0 |       0 |      40 |   0.0 |  1106
         Elf:2 |       0 |   13167 |   0.0 |       0 |      23 |   0.0 |  1311
         Elf:3 |       0 |   44617 |   0.0 |       0 |      41 |   0.0 |  1502
      Vaults:1 |       0 |   60658 |   0.0 |       0 |      95 |   0.0 |  1709
      Vaults:2 |       0 |   40037 |   0.0 |       0 |      70 |   0.0 |  1890
      Vaults:3 |       0 |   36593 |   0.0 |       0 |      64 |   0.0 |  1621
      Vaults:4 |       0 |   77921 |   0.0 |       0 |      90 |   0.0 |  2557
      Vaults:5 |       0 |  100840 |   0.0 |       0 |      80 |   0.0 |  1928
       Crypt:1 |       0 |   27831 |   0.0 |       0 |      44 |   0.0 |  1841
       Crypt:2 |       0 |   46605 |   0.0 |       0 |      40 |   0.0 |  2089
       Crypt:3 |       0 |   77511 |   0.0 |       0 |     111 |   0.0 |  3038
      Depths:1 |       0 |   35207 |   0.0 |       0 |      75 |   0.0 |  1429
      Depths:2 |       0 |   49678 |   0.0 |       0 |      66 |   0.0 |  1469
      Depths:3 |       0 |   68046 |   0.0 |       0 |     117 |   0.0 |  2075
           Pan |    2943 |   28929 |   9.2 |       4 |      29 |  12.1 |   426
           Lab |       0 |    1968 |   0.0 |       0 |       5 |   0.0 |   778
         Sewer |       0 |     115 |   0.0 |       0 |       6 |   0.0 |   297
       Ossuary |       0 |     177 |   0.0 |       0 |      16 |   0.0 |   296
        Bailey |       0 |    1092 |   0.0 |       0 |      32 |   0.0 |   315
       Volcano |       0 |    7618 |   0.0 |       0 |      30 |   0.0 |   459
               +---------+---------+-------+---------+---------+-------+---------
